 Dungeon Crawl Stone Soup version 0.32-a0-868-g153ae1a8d6 (webtiles) character file.

Game seed: 13215772225594867942

1142 ezpacito the Chopper (level 8, -5/55 HPs)
             Began as a Coglin Chaos Knight on Mar 28, 2024.
             Was a Plaything of Xom.
             Slain by an ogre
             ... wielding a +0 giant club
              (49 damage)
             ... on level 6 of the Dungeon.
             The game lasted 00:04:45 (4693 turns).

ezpacito the Chopper (Coglin Chaos Knight)          Turns: 4693, Time: 00:04:46

Health: -5/55      AC: 10    Str: 15    XL:     8   Next: 37%
Magic:  12/12      EV:  7    Int: 12    God:    Xom [*.....]
Gold:   92         SH:  0    Dex: 13    Spells: 11/11 levels left

rFire   . . .        a - +0 hand axe (chaos) {Kanlaya}
rCold   . . .        b - +4 spear {Ælfric}
rNeg    . . .        j - +0 chain mail
rPois   .            f - +0 helmet
rElec   .            (no cloak)
rCorr   .            (no gloves)
SInv    .            (no boots)
Will    .....        (amulet unavailable) Stlth
                     (ring unavailable)
HPRegen 0.29/turn    (ring unavailable)
MPRegen 0.13/turn    (no gizmo)

%: no passive effects
@: revved
A: off-hand wielding, slow wielding, warmup strikes, no jewellery, frail 1, high
MP 1, no potion heal 1, MP-powered wands
a: Invent Gizmo, Renounce Religion


You were on level 6 of the Dungeon.
You worshipped Xom.
You were a special plaything of Xom.
You visited 2 branches of the dungeon, and saw 7 of its levels.

You collected 268 gold pieces.
You spent 176 gold pieces at shops.

Inventory:

Hand Weapons
 a - a +0 hand axe of chaos (weapon) {Kanlaya}
 b - a +4 spear (offhand) {Ælfric}
 c - a +0 flail of holy wrath
 d - a +1 mace of venom {Hayata}
 m - a +0 war axe
Missiles
 e - 13 poisoned darts (quivered)
Armour
 f - a +0 helmet (worn)
 j - a +0 chain mail (worn)
Scrolls
 h - a scroll of immolation
 k - 2 scrolls of amnesia
 l - 2 scrolls of vulnerability {unknown}
 p - a scroll of silence {unknown}
 r - a scroll of enchant weapon {unknown}
 t - 3 scrolls of teleportation
Potions
 g - a potion of enlightenment
 n - a potion of resistance
 o - a potion of cancellation
 q - a potion of brilliance


   Skills:
 * Level 5.0 Fighting
 * Level 5.0(5.4) Axes
 + Level 2.7(4.0) Polearms
 * Level 4.0 Armour
 * Level 3.5 Dodging
 + Level 2.2 Stealth
 + Level 2.1 Spellcasting


You had 11 spell levels left.
You didn't know any spells.
Your spell library was empty.

Dungeon Overview and Level Annotations

Branches:
Dungeon (6/15)             Temple (1/1) D:5

Altars:
Ashenzari
Dithmenos
Elyvilon
Fedhas
Hepliaklqana
Kikubaaqudgha
Makhleb
Nemelex Xobeh
Okawaru
Qazlal
Ru
Sif Muna
Uskayaw
Vehumet
Wu Jian
Xom
Yredelemnul
The Shining One

Shops:
D:3 !   D:6 *


Innate Abilities, Weirdness & Mutations

You can wield a second weapon in your off-hand.
It takes a long time for you to wield or remove held weapons.
Your first few attacks do less damage.
You cannot equip rings or amulets.
You are frail. (-10% HP)
You have an increased reservoir of magic. (+10% MP)
Potions are less effective at restoring your health.
You expend magic power (3 MP) to strengthen your wands.


Message History

Your surroundings suddenly seem different.
An ogre and a white imp come into view.
You reach to attack!
The helpless white imp fails to defend itself.
You hit the white imp with your +4 spear.
The white imp is lightly wounded.
You barely miss the white imp with your +4 spear.
The white imp is lightly wounded.
You hit the white imp but do no damage.
The white imp seems to speed up.
Xom thinks this is hilarious!
The white imp barely misses you.
You hit the white imp but do no damage.
The acid corrodes the white imp!
You hit the white imp with your +4 spear.
The white imp gestures at you.
The puff of frost hits you but does no damage.
You closely miss the white imp with your +0 hand axe of chaos.
The white imp is moderately wounded.
You hit the white imp with your +4 spear.
The white imp laughs crazily.
The white imp hits you but does no damage. x2
You barely miss the white imp with your +4 spear.
The white imp is severely wounded.
You closely miss the white imp with your +0 hand axe of chaos.
You hit the ogre with your +0 hand axe of chaos.
The ogre flies into a frenzy!
The ogre closely misses you. The white imp barely misses you.
You puncture the ogre with your +4 spear!
The ogre is heavily wounded.
You hit the ogre with your +0 hand axe of chaos.
You burn the ogre. You hit the white imp but do no damage.
The ogre closely misses you.
The white imp hits you but does no damage. x2
You hit the ogre but do no damage.
The ogre is almost dead.
You hit the white imp with your +0 hand axe of chaos.
You kill the white imp!
You hit the ogre with your +4 spear.
The ogre hits you with a +0 giant club!!!
Ouch! That really hurt!
You die...

..........#.....#.
.........#......##
...............##. #
.##.†<.......##. #.
#.............. #.
#.............. #..##
#..........##..
#...######......≈≈≈≈≈
#O@..# ###....≈....
#......).........#≈.⌠.⌠
...###....#####...#≈..∩.
# ..#### .⌠ .## . .# .
.. #.


You could see a neutral ogre (fast, strong, frenzied).

Vanquished Creatures
  Sigmund (D:3)
  2 water moccasins (D:6)
  A black bear (D:5)
  An ogre (D:4)
  A scorpion (D:5)
  A bombardier beetle (D:4)
  A hound (D:5)
  A jelly (D:6)
  Jessica (D:3)
  2 iguanas
  4 orc wizards
  Robin (D:2)
  7 gnolls (D:4)
  6 adders
  2 white imps (D:6)
  2 adder zombies (D:3)
  A dart slug (D:1)
  2 ribbon worms
  15 orcs
  7 ball pythons
  6 bats
  6 endoplasms
  5 giant cockroaches
  16 goblins
  14 hobgoblins
  3 jackals (D:3)
  4 kobolds
  3 quokkas (D:3)
  4 frilled lizards
  3 rats
123 creatures vanquished.

Notes
Turn   | Place    | Note
-------+----------+-------------------------------------------
     0 | D:1      | ezpacito the Coglin Chaos Knight began the quest for the
                  | Orb.
     0 | D:1      | Reached XP level 1. HP: 18/18 MP: 1/1
    35 | D:1      | XOM: silly message
   178 | D:1      | Reached skill level 1 in Dodging
   214 | D:1      | Reached XP level 2. HP: 24/24 MP: 2/2
   313 | D:1      | XOM: scenery: 1 doors open
   536 | D:2      | Reached XP level 3. HP: 16/29 MP: 3/3
   638 | D:2      | You fall into a shaft and drop 1 floor!
   771 | D:3      | Reached skill level 1 in Polearms
   796 | D:3      | XOM: summons 1 hostile demon
   931 | D:3      | Reached XP level 4. HP: 27/35 MP: 3/5
   992 | D:3      | Noticed Jessica
   999 | D:3      | Killed Jessica
  1024 | D:3      | Found Weuvas's Distillery.
  1040 | D:3      | Bought a potion of curing for 33 gold pieces
  1251 | D:2      | Found a faded altar of an unknown god.
  1284 | D:2      | Noticed Robin
  1301 | D:2      | Killed Robin
  1302 | D:2      | Reached skill level 1 in Spellcasting
  1302 | D:2      | Reached XP level 5. HP: 10/41 MP: 6/6
  1708 | D:3      | XOM: give mutations
  1708 | D:3      | Gained mutation: You are weak. (Str -2) [Xom's mischief]
  1708 | D:3      | Gained mutation: Potions are less effective at restoring
                  | your health. [Xom's mischief]
  1708 | D:3      | Lost mutation: You are weak. (Str -2) [Xom's mischief]
  1801 | D:3      | Found a shadowy altar of Dithmenos.
  2087 | D:3      | Found a basalt altar of Yredelemnul.
  2153 | D:3      | XOM: give mutations
  2153 | D:3      | Gained mutation: You have an increased reservoir of magic.
                  | (+10% MP) [Xom's mischief]
  2153 | D:3      | Gained mutation: You expend magic power (3 MP) to
                  | strengthen your wands. [Xom's mischief]
  2153 | D:3      | Gained mutation: You are frail. (-10% HP) [Xom's mischief]
  2171 | D:3      | Noticed Sigmund
  2172 | D:3      | XOM: enchant monster (bad)
  2183 | D:3      | Killed Sigmund
  2184 | D:3      | Reached skill level 1 in Stealth
  2184 | D:3      | Reached XP level 6. HP: 22/43 MP: 8/8
  2324 | D:3      | XOM: noise
  2447 | D:4      | XOM: blink monster(s)
  2453 | D:4      | XOM: summons 4 hostile demons
  2642 | D:4      | XOM: noise
  2798 | D:4      | Reached XP level 7. HP: 48/48 MP: 8/10
  3301 | D:4      | XOM: god gift: 36 gold pieces
  3313 | D:4      | Found a sparkling altar of Nemelex Xobeh.
  3480 | D:4      | XOM: summons 1 hostile shadow creature
  3619 | D:3      | Bought a potion of enlightenment for 55 gold pieces
  3619 | D:3      | Bought a potion of cancellation for 88 gold pieces
  3638 | D:5      | Entered Level 5 of the Dungeon
  3649 | D:5      | Found a staircase to the Ecumenical Temple.
  3772 | D:5      | Found a blossoming altar of Fedhas.
  3946 | D:5      | XOM: 1-stop teleportation journey
  4086 | D:5      | XOM: 1-stop teleportation journey
  4259 | D:5      | XOM: stat loss: -1 Int (10/11)
  4366 | Temple   | Entered the Ecumenical Temple
  4399 | D:6      | Reached XP level 8. HP: 46/54 MP: 10/12
  4403 | D:6      | Found Gozag's Platinum Reserve.
  4512 | D:6      | Found an iron altar of Okawaru.
  4639 | D:6      | Reached skill level 5 in Fighting
  4639 | D:6      | Reached skill level 5 in Axes
  4686 | D:6      | XOM: 1-stop teleportation journey
  4693 | D:6      | Slain by an ogre

Illustrated notes

Levels and vault maps discovered:
D:1:      minmay_arrival_plants_in_alcoves, layout_basic
D:2:      layout_basic, ebering_ecumenical_altar_mist, uniq_robin
D:3:      layout_basic, mainiacjoe_overflow_catwalk,
          lemuel_zombie_altar_yredelemnul, serial_shops,
          nicolae_shop_statue_plus, uniq_sigmund, uniq_jessica
D:4:      cheibrodos_greedy_goblins, layout_layer_cave,
          nemelex_dance_club_becter
D:5:      layout_loops_cross, amcnicky_altar_gilded,
          minmay_temple_entry_stoned_glass
D:6:      minmay_general_purpose_star, layout_cave_pools,
          nicolae_gozag_zags_fifth_avenue, kennysheep_mini_moat,
          nicolae_overflow_hidden_temple, ebering_ghost_gozag, uniq_pikel
Temple:   nicolae_temple_ecumenical_triangle

Skill      XL: |  1  2  3  4  5  6  7  8 |
---------------+-------------------------+-----
Dodging        | 1 2 3 |  3.5
Armour         | 2 3 4 |  4.0
Polearms       | 1 2 |  2.7
Spellcasting   | 1 2 |  2.1
Stealth        | 1 2 |  2.2
Fighting       | 4 5 |  5.0
Axes           | 4 5 |  5.0

Action                     |  1- 3 |  4- 6 |  7- 9 || total
---------------------------+-------+-------+-------++-------
  Melee: Hand axe          |    82 |    63 |   100 ||   245
         Dagger            |    74 |    23 |       ||    97
         Mace              |       |    52 |     7 ||    59
         Spear             |       |       |   110 ||   110
    Use: Potion            |       |     6 |       ||     6
         Scroll            |       |     1 |     5 ||     6
   Stab: Petrified         |     1 |       |       ||     1
         Sleeping          |       |     2 |     1 ||     3
         Confused          |       |     2 |     1 ||     3
         Paralysed         |       |       |     3 ||     3
 Armour: Leather armour    |    63 |    91 |     3 ||   157
         Chain mail        |       |       |    84 ||    84
  Dodge: Dodged            |    71 |    69 |    35 ||   175

Table legend: (Time is in decaauts)
 A = Elapsed time spent in this place.
 B = Non-inter-level travel time spent in this place.
 C = Inter-level travel time spent in this place.
 D = Time resting spent in this place.
 E = Time spent auto-exploring this place.
 F = Levels seen in this place.
 G = Mean time per level.
                   A        B        C        D        E       F      G
               +--------+--------+--------+--------+--------+-----+--------+
         Total |   4694 |   4435 |    259 |    236 |   3443 |   7 |  670.6 |
       Dungeon |   4693 |   4436 |    257 |    236 |   3443 |   6 |  782.2 |
        Temple |      1 |      0 |      1 |      0 |      0 |   1 |    1.0 |
               +--------+--------+--------+--------+--------+-----+--------+

Top non-repeatable levels by time:
     D:3: 1343 daAuts
     D:4: 1034 daAuts
     D:2: 777 daAuts
     D:5: 752 daAuts
     D:1: 485 daAuts
     D:6: 299 daAuts
  Temple: 1 daAuts
